Map: Ruins of Endion

Players

NitWay - Winner!

  • Race: Terran Terran
  • League: Master

Miszu

  • Race: Terran Terran
  • League: Grandmaster

VOD

Have the link to the VOD?

Description

Time

  • Played on: May 20, 2016, 3:31 p.m.
  • Length: 4:52
Show
View Real Time Build Order
Export as new Build Order

NitWay Terran - Winner!

Build Orders: 1/1/1, Banshee Rush 

Get SALT Encoding   

  12  0:00  SCV  
  13  0:13  SCV  
  14  0:17  Supply Depot  
  14  0:25  SCV  
  15  0:29  Refinery  
  15  0:39  SCV  
  16  0:45  Barracks  
  16  0:51  SCV  
  16  0:55  Refinery  
  17  1:03  SCV  
  18  1:15  SCV  
  19  1:31  Orbital Command  
  19  1:32  Factory  
  19  1:34  Reaper  
  20  1:47  Supply Depot  
  20  1:57  SCV  
  21  2:07  Reaper  
  22  2:13  SCV  
  23  2:17  Starport, Hellion  
  25  2:24  Supply Depot  
  25  2:25  SCV  
  26  2:37  SCV  
  26  2:38  Hellion  
  26  2:39  Barracks Tech Lab  
  29  3:00  Cloaking Field, Banshee  
  29  3:04  Factory Tech Lab  
  32  3:06  Barracks Reactor  
  32  3:07  SCV  
  31  3:25  Supply Depot, Cyclone  
  34  3:34  SCV  
  35  3:42  Marine x2  
  35  3:46  Banshee  
  40  3:48  Supply Depot  
  40  4:02  Marine x2  
  24  4:17  SCV  
  24  4:20  Marine x2  
  27  4:29  SCV  
Show
View Real Time Build Order
Export as new Build Order

Miszu Terran 

Build Orders: 1/1/1 

Get SALT Encoding   

  12  0:00  SCV  
  13  0:13  SCV  
  14  0:18  Supply Depot  
  14  0:25  SCV  
  15  0:30  Refinery  
  15  0:39  SCV  
  16  0:45  Barracks  
  16  0:52  SCV  
  17  1:04  SCV  
  18  1:10  Refinery  
  18  1:16  SCV  
  20  1:34  Factory  
  20  1:35  Orbital Command  
  19  1:43  Supply Depot  
  19  1:44  Reaper  
  20  2:00  SCV  
  21  2:12  SCV  
  22  2:16  Reaper  
  22  2:19  Supply Depot, Hellion  
  22  2:21  Starport  
  25  2:24  SCV  
  26  2:37  SCV  
  26  2:40  Hellion  
  29  2:48  Reaper  
  30  2:52  SCV  
  30  2:56  Supply Depot  
  30  2:57  Medivac  
  33  3:02  Hellion  
  35  3:16  SCV  
  36  3:23  Barracks Tech Lab  
  36  3:26  Command Center  
  36  3:33  Viking  
  38  3:37  Barracks Reactor, Factory Tech Lab  
  38  3:43  Engineering Bay  
  32  4:16  SCV  
  27  4:19  Viking  
  28  4:28  SCV  
Tags
 
Add a new tag
Caveats
  • Supply blocks, unpowered buildings, or Contaminate may cause inaccurate times.
  • Supply counts are checked every 10 seconds.